 Dungeon Crawl Stone Soup version 0.22.1-1-ga44c0e56f4 (webtiles) character file.

168104 Peloso the Peltast (level 17, -12/158 HPs)
             Began as a Minotaur Fighter on Sept 22, 2018.
             Was the Champion of Okawaru.
             Killed from afar by Nikola (26 damage)
             ... with a chain lightning
             ... on level 1 of the Shoals.
             The game lasted 01:49:18 (38109 turns).

Peloso the Peltast (Minotaur Fighter)              Turns: 38109, Time: 01:49:18

Health: -12/158    AC: 22    Str: 25    XL:     17   Next: 8%
Magic:  18/18      EV: 12    Int:  2    God:    Okawaru [******]
Gold:   2412       SH: 12    Dex: 20    Spells: 16/16 levels left

rFire    . . .     SeeInvis .   b - +11 long sword "Woireih" {slice, rC+}
rCold    + . .     Gourm    .   i - +2 buckler {rPois}
rNeg     . . .     Faith    .   v - +5 plate armour of the Doldrums {*Contam Int-3 Dex+7 Slay+3}
rPois    +         Spirit   .   J - +0 hat {MR+}
rElec    .         Reflect  .   N - +1 cloak {+Inv}
rCorr    .         Harm     .   (no gloves)
MR       ++...                  c - +0 pair of boots {Fly}
Stlth    ..........             q - amulet of rage
HPRegen  0.36/turn              (no ring)
MPRegen  0.16/turn              x - ring of poison resistance

@: about to teleport, flying
A: retaliatory headbutt, horns 2, deformed body, subdued magic 1
}: 1/15 runes: gossamer
a: Heroism, Finesse, Renounce Religion, Evoke Berserk Rage, Evoke Invisibility,
Stop Flying


You were on level 1 of the Shoals.
You worshipped Okawaru.
Okawaru was exalted by your worship.
You were not hungry.

You visited 6 branches of the dungeon, and saw 29 of its levels.
You also visited: Labyrinth, Sewer and Volcano.

You collected 2832 gold pieces.
You spent 420 gold pieces at shops.

Inventory:

Hand Weapons
 a - the +6 falchion of the Original Sin {flame, Str+6}
   (You found it on level 2 of the Lair of Beasts)

   It has been specially enchanted to burn those struck by it, causing extra
   injury to most foes and up to half again as much damage against particularly
   susceptible opponents.
   Big, fiery blades are also staple armaments of hydra-hunters.
   It affects your strength (+6).
 b - the +11 long sword "Woireih" (weapon) {slice, rC+}
   (Okawaru gifted it to you on level 6 of the Lair of Beasts)

   It inflicts extra damage upon your enemies.
   It protects you from cold.
Armour
 c - a +0 pair of boots of flying (worn)
 i - a +2 buckler of poison resistance (worn)
 k - a scarf of repulsion
 v - the +5 plate armour of the Doldrums (worn) {*Contam Int-3 Dex+7 Slay+3}
   (Okawaru gifted it to you on level 3 of the Spider Nest)

   It affects your intelligence (-3).
   It affects your dexterity (+7).
   It affects your accuracy and damage with ranged weapons and melee attacks
   (+3).
   It causes magical contamination when unequipped.
 y - a +1 shield of protection
 z - a +3 plate armour of poison resistance
 J - a +0 hat of magic resistance (worn)
 N - a +1 cloak of invisibility (worn)
Jewellery
 q - an amulet of rage (around neck)
 t - an uncursed amulet of the acrobat {unknown}
 x - a ring of poison resistance (right hand)
 E - a +3 ring of protection
 L - an uncursed ring of protection from cold
Wands
 d - a wand of digging (31)
 C - a wand of flame (19)
Scrolls
 h - 6 scrolls of teleportation
 j - 7 scrolls of magic mapping
 l - 7 scrolls of remove curse
 p - 2 scrolls of fog
 r - a scroll of silence
 w - 6 scrolls of blinking
 B - a scroll of identify
Potions
 e - 6 potions of curing
 g - 4 potions of mutation
 m - 6 potions of agility
 n - 3 potions of might
 o - 3 potions of ambrosia
 u - 4 potions of haste
 A - 4 potions of flight
 D - 6 potions of berserk rage
 G - 3 potions of heal wounds
Miscellaneous
 s - a fan of gales
Comestibles
 f - 51 rations
 F - 2 chunks of flesh


   Skills:
 + Level 15.8 Fighting
 + Level 17.9 Long Blades
 + Level 17.0 Armour
 + Level 5.6 Dodging
 + Level 1.8 Stealth
 + Level 19.4 Shields
 + Level 2.9 Invocations
 + Level 2.6 Evocations


You had 16 spell levels left.
You didn't know any spells.
Your spell library contained the following spells:

 Spells                   Type           Power        Failure   Level  Hunger
 Animate Skeleton         Necr           N/A          98%         1    ##.....
 Apportation              Tloc           #.....       98%         1    ##.....
 Beastly Appendage        Tmut           #.....       98%         1    ##.....
 Confusing Touch          Hex            #.....       98%         1    ##.....
 Corona                   Hex            #......      98%         1    ##.....
 Freeze                   Ice            #...         98%         1    ##.....
 Magic Dart               Conj           #...         98%         1    ##.....
 Pain                     Necr           #...         98%         1    ##.....
 Summon Small Mammal      Summ           #...         98%         1    ##.....
 Blink                    Tloc           N/A          99%         2    ###....
 Call Imp                 Summ           #.......     99%         2    ###....
 Ensorcelled Hibernation  Hex/Ice        #.....       99%         2    ###....
 Poisonous Vapours        Pois/Air       #.....       99%         2    ###....
 Slow                     Hex            #.......     99%         2    ###....
 Sticks to Snakes         Tmut           #.......     99%         2    ###....
 Throw Frost              Conj/Ice       #.....       99%         2    ###....
 Confuse                  Hex            #.......     100%        3    ####...
 Conjure Flame            Conj/Fire      #.......     100%        3    ####...
 Dazzling Spray           Conj/Hex       #.....       100%        3    ####...
 Ignite Poison            Fire/Tmut/Pois #.......     100%        3    ####...
 Mephitic Cloud           Conj/Pois/Air  #.......     100%        3    ####...
 Ozocubu's Armour         Chrm/Ice       #.......     100%        3    ####...
 Regeneration             Chrm/Necr      #.........   100%        3    ####...
 Spider Form              Tmut/Pois      #.........   100%        3    ####...
 Tukima's Dance           Hex            #.......     100%        3    ####...
 Vampiric Draining        Necr           #.........   100%        3    ####...
 Animate Dead             Necr           N/A          100%        4    #####..
 Cause Fear               Hex            #.........   100%        4    #####..
 Ice Form                 Ice/Tmut       #.......     100%        4    #####..
 Summon Ice Beast         Ice/Summ       #.......     100%        4    #####..
 Throw Icicle             Conj/Ice       #.......     100%        4    #####..
 Blade Hands              Tmut           #.........   100%        5    ######.
 Fireball                 Conj/Fire      #.........   100%        5    ######.
 Silence                  Hex/Air        #.........   100%        5    ######.
 Yara's Violent Unravell  Hex/Tmut       #.........   100%        5    ######.
 Bolt of Fire             Conj/Fire      #.........   100%        6    #######
 Deflect Missiles         Chrm/Air       #.........   100%        6    #######
 Freezing Cloud           Conj/Ice/Air   #.........   100%        6    #######
 Ring of Flames           Chrm/Fire      #.........   100%        7    #######
 Discord                  Hex            #.........   100%        8    #######
 Ignition                 Fire           #.........   100%        8    #######


Dungeon Overview and Level Annotations

Branches:
Dungeon (15/15)            Temple (1/1) D:6            Lair (6/6) D:11
 Shoals (1/4) Lair:4       Spider (4/4) Lair:2        Slime (0/5) Lair:5
    Orc (2/2) D:10            Elf (0/3) Orc:2        Vaults (0/5) D:13
 Depths (0/5) D:15

Altars:
Ashenzari
Cheibriados
Dithmenos
Elyvilon
Fedhas
Gozag
Hepliaklqana
Makhleb
Nemelex Xobeh
Okawaru
Qazlal
Ru
Sif Muna
Trog
Uskayaw
Vehumet
Wu Jian
Yredelemnul
Zin
The Shining One
Beogh

Shops:
D:4 [   D:7 }   D:15 [   Orc:2 }(*%

Portals:
Pandemonium: Orc:2

Annotations:
D:7 1 transporter
Shoals:1 Nikola


Innate Abilities, Weirdness & Mutations

You reflexively headbutt those who attack you in melee.
You have a pair of horns on your head.
Armour fits poorly on your strangely shaped body.
Your spells are a little easier to cast, but a little less powerful.


Message History

* * * LOW HITPOINT WARNING * * *
Nikola the Mad Inventor comes into view.
He is wielding a rapier of Unknown command.
You feel better.
The harpy screeches! x3
You block the harpy's attack. x3; The harpy barely misses you.
The harpy misses you. The harpy claws you but does no damage.
The harpy claws you.
* * * LOW HITPOINT WARNING * * *
You block the harpy's attack. The faun barely misses you.
You furiously retaliate!
You headbutt the faun! The harpy claws you!
* * * LOW HITPOINT WARNING * * *
The harpy claws you.
* * * LOW HITPOINT WARNING * * *
Nikola casts a spell.
You hear a mighty clap of thunder!
The lightning arc hits the harpy.
The harpy dies!
The lightning arc hits you!
You die...

#.≈≈≈≈≈≈≈....≈≈ ≈.
####.≈(.≈≈.≈...... ≈.#
#...%≈≈(≈≈≈≈≈≈....
[..###.≈..≈(≈≈≈≈≈≈≈≈≈≈)
...#.≈≈≈≈(≈≈≈≈.≈≈≈≈≈≈)
#..≈≈≈(≈≈≈≈≈..≈≈≈≈.(
##..≈((..≈≈.≈≈≈≈≈≈.(
...##..)HH.###≈≈≈≈≈≈≈≈≈.
....E.†@c..%##≈≈≈≈≈≈≈≈(≈
......H..≈.....≈≈≈≈≈..≈≈
...##.†.......≈≈≈≈≈..≈≈(
.. #..≈..≈≈≈≈≈≈....≈≈≈≈
@....≈≈≈≈≈≈≈....≈≈≈.
.##...≈≈≈≈.........≈≈ ≈.
##..≈..≈.......#..≈ ≈≈
............≈≈.P.≈
.#..≈≈≈≈P≈≈≈


You could see Nikola, a faun, a water elemental and 3 harpies.

Vanquished Creatures
  Arachne (Spider:3)
  Gastronok (Lair:1)
  Kirke (Lair:6)
  4 ghost moths
  7 emperor scorpions
  2 entropy weavers (Spider:3)
  A stone giant (Volcano)
  A spark wasp (Spider:2)
  A minotaur (Lab)
  A yaktaur captain (D:15)
  A rakshasa (D:13)
  8 vault guards (D:13)
  4 centaur warriors
  7 hydras
  3 catoblepae (Lair:6)
  4 two-headed ogres
  A death knight (D:13)
  10 death yaks
  2 tengu warriors
  6 orc high priests (Orc:2)
  Urug (D:10)
  A sun demon (Orc:2)
  A sea snake (Shoals:1)
  2 unseen horrors
  An infernal demonspawn (Orc:2)
  5 harpies (Shoals:1)
  An obsidian statue (D:15)
  2 wolf spider zombies (D:15)
  A lindwurm (Orc:1)
  24 orb spiders
  5 orc knights (Orc:2)
  17 wolf spiders
  2 ugly things
  A faun (Shoals:1)
  6 orc sorcerers
  A deep elf mage (D:15)
  2 cyclopes
  3 oklob plants (Lair:2)
  2 merfolk sirens (Shoals:1)
  4 manticores
  2 moths of wrath
  3 elephants (Lair:5)
  Maurice (D:11)
  A smoke demon (Orc:2)
  A water nymph (Shoals:1)
  3 gargoyles
  3 black mambas
  11 spiny frogs
  A kobold demonologist (D:14)
  2 rime drakes
  6 komodo dragons
  An efreet (Volcano)
  A yaktaur (D:15)
  10 demonic crawlers
  A hellwing (Orc:2)
  A minotaur zombie (Lab)
  A red devil (Orc:2)
  28 jumping spiders
  8 trolls
  A polar bear (Lair:3)
  5 slime creatures (D:15)
  A hornet (Spider:2)
  9 blink frogs
  2 snapping turtles
  A meliai zombie (D:13)
  Prince Ribbit (D:5)
  48 redbacks
  12 hippogriffs
  A shadow (D:11)
  17 tarantellas
  52 yaks
  A vampire (D:15)
  2 wraiths
  2 wyverns
  2 water elementals (Shoals:1)
  Grum (D:10)
  2 fire elementals (Volcano)
  2 hogs (Lair:6)
  Eustachio (D:6)
  A steam dragon (D:12)
  A neqoxec (Orc:2)
  13 vampire mosquitoes
  Menkaure (D:7)
  5 hungry ghosts
  A two-headed ogre zombie (D:10)
  A warg (Orc:2)
  An acid dragon (D:11)
  4 soldier ants
  9 water moccasins
  Duvessa (D:7)
  14 porcupines
  6 ice beasts
  4 sky beasts
  4 black bears
  4 phantoms
  38 orc warriors
  2 necrophages
  11 ogres
  9 wolves
  16 centaurs
  7 crocodiles
  16 bullfrogs
  2 wyvern zombies (D:14)
  4 big kobolds
  Dowan (D:7)
  5 scorpions
  A wyvern skeleton (D:13)
  A troll zombie (D:10)
  10 killer bees
  17 wights
  2 electric eels
  2 howler monkeys
  3 bullfrog zombies
  8 crimson imps
  10 jellies
  2 quasits
  A centaur zombie (D:7)
  6 hounds
  A bullfrog skeleton (D:9)
  32 orc priests
  Crazy Yiuf (D:7)
  7 centaur skeletons
  30 orc wizards
  Ijyb (D:5)
  8 iguanas
  7 worker ants
  A killer bee zombie (D:7)
  6 ogre zombies (D:10)
  4 worker ant zombies
  12 adders
  6 shadow imps
  2 oozes
  An adder skeleton (D:4)
  2 dart slugs (D:3)
  8 leopard geckos
  90 orcs
  4 ball pythons
  7 giant cockroaches
  6 hobgoblins
  14 jackals
  5 quokkas
  A ball python skeleton (D:4)
  11 bats
  10 frilled lizards
  3 goblins (D:1)
  6 goblin zombies (D:10)
  4 hobgoblin zombies (D:10)
  32 kobolds
  3 orc skeletons (D:10)
  12 orc zombies (D:10)
  A quokka skeleton (D:10)
  2 quokka zombies
  5 rats
  5 plants (Sewer)
990 creatures vanquished.

Vanquished Creatures (others)
  A harpy (Shoals:1)
  An orb spider (Spider:4)
  A demonic crawler (Spider:4)
  A jumping spider (Spider:4)
  A redback (Spider:1)
  A yak (Lair:6)
  A tarantella (Spider:2)
  2 humans (Lair:6)
  An orc wizard (Orc:1)
  2 bushes (Lair:6)
  12 fungi (D:11)
  2 plants
26 creatures vanquished.

Grand Total: 1016 creatures vanquished

Notes
Turn   | Place    | Note
-------+----------+-------------------------------------------
     0 | D:1      | Peloso the Minotaur Fighter began the quest for the Orb.
     0 | D:1      | Reached XP level 1. HP: 19/19 MP: 0/0
   410 | D:1      | Reached XP level 2. HP: 27/27 MP: 1/1
   715 | D:2      | Noticed a howler monkey
   728 | D:2      | Killed a howler monkey
   728 | D:2      | Reached skill level 4 in Shields
   728 | D:2      | Reached XP level 3. HP: 14/33 MP: 2/2
  1293 | D:2      | Reached XP level 4. HP: 40/40 MP: 3/3
  1419 | D:3      | Reached skill level 5 in Armour
  1422 | D:3      | Reached XP level 5. HP: 25/46 MP: 4/4
  1507 | D:3      | Found a glowing golden altar of the Shining One.
  1555 | D:3      | Reached skill level 1 in Dodging
  1657 | D:3      | Found a glowing drain.
  1677 | Sewer    | Entered a sewer
  2114 | Sewer    | Reached XP level 6. HP: 49/53 MP: 5/5
  2393 | Sewer    | Reached skill level 5 in Shields
  3509 | D:4      | Reached skill level 5 in Long Blades
  3509 | D:4      | Reached XP level 7. HP: 37/60 MP: 6/6
  3779 | D:4      | Found Uvvass's Armour Boutique.
  3950 | D:4      | Reached skill level 6 in Shields
  4039 | D:4      | Reached skill level 5 in Fighting
  4131 | D:4      | Found an ornate altar of the Wu Jian Council.
  4654 | D:5      | Entered Level 5 of the Dungeon
  4654 | D:5      | Noticed Ijyb
  4669 | D:5      | Killed Ijyb
  4894 | D:5      | Reached skill level 1 in Stealth
  4897 | D:5      | Reached XP level 8. HP: 28/69 MP: 7/7
  5497 | D:5      | Noticed Prince Ribbit
  5511 | D:5      | Killed Prince Ribbit
  5652 | D:5      | Reached skill level 1 in Evocations
  5731 | D:5      | Found a glowing silver altar of Zin.
  5745 | D:5      | Found a sparkling altar of Nemelex Xobeh.
  5832 | D:5      | Reached skill level 7 in Shields
  6348 | D:6      | Found a shadowy altar of Dithmenos.
  6388 | D:6      | Found a staircase to the Ecumenical Temple.
  6415 | Temple   | Entered the Ecumenical Temple
  6615 | Temple   | Became a worshipper of Warmaster Okawaru
  6787 | D:6      | Noticed Eustachio
  6811 | D:6      | Killed Eustachio
  6811 | D:6      | Reached skill level 8 in Shields
  6811 | D:6      | Reached XP level 9. HP: 64/75 MP: 9/9
  6941 | D:7      | Found Monuiwn's Gadget Emporium.
  7191 | D:7      | Found a transporter.
  7263 | D:7      | Noticed Menkaure
  7564 | D:6      | Reached * piety under Okawaru
  7801 | D:7      | Killed Menkaure
  8004 | D:7      | Reached skill level 9 in Shields
  8057 | D:7      | Found a hazy altar of Hepliaklqana.
  8057 | D:7      | Noticed Duvessa
  8057 | D:7      | Noticed Dowan
  8071 | D:7      | Killed Duvessa
  8078 | D:7      | Killed Dowan
  8153 | D:7      | Found a runed door.
  8285 | D:7      | Noticed Crazy Yiuf
  8288 | D:7      | Killed Crazy Yiuf
  8538 | D:8      | Found a sacrificial altar of Ru.
  8545 | D:8      | Reached ** piety under Okawaru
  8561 | D:8      | Found a blossoming altar of Fedhas.
  8708 | D:8      | Reached XP level 10. HP: 29/85 MP: 10/10
  9129 | D:8      | Noticed a two-headed ogre
  9140 | D:8      | Killed a two-headed ogre
  9140 | D:8      | Reached skill level 10 in Long Blades
  9573 | D:9      | Reached skill level 10 in Shields
  9837 | D:9      | Reached *** piety under Okawaru
 10112 | D:9      | Found a deep blue altar of Sif Muna.
 10224 | D:10     | Entered Level 10 of the Dungeon
 10378 | D:10     | Reached **** piety under Okawaru
 10413 | D:10     | Reached XP level 11. HP: 78/94 MP: 11/11
 10520 | D:10     | Noticed a two-headed ogre
 10529 | D:10     | Killed a two-headed ogre
 10541 | D:10     | Reached skill level 10 in Armour
 10658 | D:10     | Reached ***** piety under Okawaru
 10692 | D:10     | Found a staircase to the Orcish Mines.
 10692 | D:10     | Noticed an orc sorcerer
 10719 | D:10     | Noticed a sixfirhy
 10737 | D:10     | Killed an orc sorcerer
 11514 | D:7      | Found a roughly hewn altar of Beogh.
 11556 | D:7      | Found a transporter.
 11950 | D:11     | Noticed Grum
 12082 | D:10     | Killed Grum
 12100 | D:11     | Reached skill level 11 in Shields
 12102 | D:11     | Found a staircase to the Lair.
 12258 | D:11     | Killed an unseen horror
 12301 | D:11     | Noticed Urug
 12528 | D:10     | Killed Urug
 12528 | D:10     | Reached ****** piety under Okawaru
 12528 | D:10     | Received a gift from Okawaru
 12779 | D:11     | Noticed an eight-headed hydra
 12918 | D:11     | Reached skill level 10 in Fighting
 12979 | D:11     | Reached XP level 12. HP: 92/105 MP: 9/12
 13113 | D:12     | Noticed a two-headed ogre
 13118 | D:12     | Killed a two-headed ogre
 13194 | D:12     | Reached skill level 1 in Invocations
 13308 | D:12     | Got a crude rapier
 13309 | D:12     | Identified the cursed +2 rapier of Pain and Death {pierce,
                  | +Fly MR+ Str+4} (You found it on level 12 of the Dungeon)
 13702 | D:12     | Noticed a tengu warrior
 13711 | D:12     | Killed a tengu warrior
 14053 | D:13     | Found a gate to the Vaults.
 14053 | D:13     | Noticed a vault guard
 14053 | D:13     | Noticed a vault guard
 14053 | D:13     | Noticed a vault guard
 14053 | D:13     | Noticed a vault guard
 14053 | D:13     | Noticed a vault guard
 14053 | D:13     | Noticed a vault guard
 14053 | D:13     | Noticed a vault guard
 14101 | D:13     | Killed a vault guard
 14101 | D:13     | Reached skill level 12 in Shields
 14119 | D:13     | Killed a vault guard
 14143 | D:13     | Noticed a vault guard
 14154 | D:13     | Found a labyrinth entrance.
 14154 | D:13     | Noticed a rakshasa
 14154 | D:13     | Noticed a death knight
 14163 | Lab      | Entered a labyrinth
 15355 | Lab      | Noticed a minotaur
 15362 | Lab      | Killed a minotaur
 15367 | Lab      | Found the +3 Elemental Staff {rElec rF++ rC++ MR++ AC+5}
 15387 | Lab      | Got a bloodstained great sword
 15523 | D:13     | Killed a death knight
 15532 | D:13     | Killed a vault guard
 15537 | D:13     | Killed a vault guard
 15537 | D:13     | Received a gift from Okawaru
 15560 | D:13     | Noticed a centaur warrior
 15561 | D:13     | Noticed an eight-headed hydra
 15564 | D:13     | HP: 5/110 [centaur/arrow[a centaur warrior] (2)]
 15565 | D:14     | Noticed a two-headed ogre
 15569 | D:14     | Killed a two-headed ogre
 15927 | D:13     | Killed a centaur warrior
 15927 | D:13     | Reached skill level 15 in Long Blades
 15927 | D:13     | Reached XP level 13. HP: 107/117 MP: 11/13
 16012 | D:13     | Reached skill level 13 in Shields
 16172 | Lair:1   | Entered Level 1 of the Lair of Beasts
 16554 | Lair:1   | Noticed Gastronok
 16570 | Lair:1   | Killed Gastronok
 16570 | Lair:1   | Received a gift from Okawaru
 16793 | Lair:1   | Identified the +5 great sword of Blind Justice {freeze,
                  | Str+3} (You found it in a labyrinth)
 17112 | Lair:2   | Got a shimmering falchion
 17113 | Lair:2   | Identified the +6 falchion of the Original Sin {flame,
                  | Str+6} (You found it on level 2 of the Lair of Beasts)
 17702 | Lair:2   | Reached skill level 14 in Shields
 18342 | Lair:2   | Found a hole to the Spider Nest.
 18640 | Lair:3   | Reached XP level 14. HP: 118/127 MP: 15/15
 18818 | Lair:3   | Received a gift from Okawaru
 19570 | Lair:4   | Reached skill level 15 in Shields
 19628 | Lair:4   | Found a staircase to the Shoals.
 20613 | Lair:5   | Found a staircase to the Slime Pits.
 21178 | Lair:6   | Entered Level 6 of the Lair of Beasts
 21826 | Lair:6   | Received a gift from Okawaru
 21861 | Lair:6   | Reached skill level 16 in Shields
 21983 | Lair:6   | Got an ichor-stained long sword {god gift}
 21984 | Lair:6   | Identified the +11 long sword "Woireih" {slice, rC+}
                  | (Okawaru gifted it to you on level 6 of the Lair of Beasts)
 22456 | Lair:6   | Noticed Kirke
 22481 | Lair:6   | Killed Kirke
 22502 | Lair:6   | Received a gift from Okawaru
 23022 | D:11     | Found the ring of Phasing {EV+8}
 23553 | D:11     | Noticed Maurice
 23559 | D:11     | Killed Maurice
 23559 | D:11     | Reached XP level 15. HP: 114/137 MP: 16/16
 24418 | Orc:1    | Entered Level 1 of the Orcish Mines
 24586 | Orc:1    | Found a dark tunnel.
 24642 | Volcano  | Entered a volcano
 25256 | Orc:2    | Entered Level 2 of the Orcish Mines
 25356 | Orc:2    | Found Puz Homm's General Store.
 25357 | Orc:2    | Found Lar Ass's Food Boutique.
 25360 | Orc:2    | Gained mutation: Armour fits poorly on your strangely
                  | shaped body. [a neqoxec]
 25393 | Orc:2    | Reached skill level 17 in Shields
 25933 | Orc:2    | Found a staircase to the Elven Halls.
 26431 | Orc:2    | Paralysed by an orc sorcerer for 2 turns
 26834 | Orc:2    | Found Gaeh's Antique Weapon Shoppe.
 26834 | Orc:2    | Found Napuang's Gadget Emporium.
 26838 | Orc:2    | Found a one-way gate leading to the halls of Pandemonium.
 26840 | Orc:2    | Gained mutation: Your spells are a little easier to cast,
                  | but a little less powerful. [a neqoxec]
 27229 | D:15     | Entered Level 15 of the Dungeon
 27371 | D:15     | Reached skill level 5 in Dodging
 27488 | D:15     | Found Zochuhe's Antique Armour Shoppe.
 27890 | D:15     | Received a gift from Okawaru
 27902 | D:15     | Found a staircase to the Depths.
 28783 | Spider:1 | Entered Level 1 of the Spider Nest
 28924 | Spider:1 | Reached skill level 18 in Shields
 28942 | Spider:1 | Reached skill level 15 in Armour
 29940 | Spider:2 | Received a gift from Okawaru
 29947 | Spider:2 | Got a scorched lajatang {god gift}
 29952 | Spider:2 | Identified the +10 lajatang "Uthog" {pain, rN++ Str+7
                  | Dex-2} (Okawaru gifted it to you on level 2 of the Spider
                  | Nest)
 30214 | Spider:2 | Killed a ghost moth
 30214 | Spider:2 | Reached XP level 16. HP: 80/147 MP: 0/17
 30717 | Spider:2 | Reached skill level 15 in Fighting
 31382 | Spider:3 | Received a gift from Okawaru
 31410 | Spider:3 | Got a faintly humming plate armour {god gift}
 31416 | Spider:3 | Identified the +5 plate armour of the Doldrums {*Contam
                  | Int-3 Dex+7 Slay+3} (Okawaru gifted it to you on level 3 of
                  | the Spider Nest)
 33200 | Orc:2    | Bought a +0 pair of boots of flying for 161 gold pieces
 33274 | Orc:2    | Bought a +2 buckler of poison resistance for 259 gold
                  | pieces
 33479 | Spider:4 | Entered Level 4 of the Spider Nest
 33489 | Spider:4 | Noticed Arachne
 34281 | Spider:3 | Killed Arachne
 35519 | Spider:4 | Reached skill level 19 in Shields
 37379 | Spider:4 | Got a gossamer rune of Zot
 37941 | Shoals:1 | Entered Level 1 of the Shoals
 38021 | Shoals:1 | Reached XP level 17. HP: 158/158 MP: 18/18
 38037 | Shoals:1 | Received a gift from Okawaru
 38108 | Shoals:1 | Noticed Nikola
 38109 | Shoals:1 | Killed from afar by Nikola

Skill      XL: |  1  2  3  4  5  6  7  8  9 10 11 12 13 14 15 16 17 |
---------------+----------------------------------------------------+-----
Armour         | 4 5 6 7 8 9 11 12 13 14 15 16 17 | 17.0
Fighting       | 4 5 6 7 8 10 11 12 13 14 15 | 15.8
Long Blades    | 3 4 5 6 7 9 12 13 15 16 17 | 17.9
Shields        | 4 5 6 8 9 10 11 12 14 16 18 19 | 19.4
Dodging        | 1 2 3 4 5 |  5.6
Stealth        | 1 |  1.8
Evocations     | 1 2 |  2.6
Invocations    | 1 2 |  2.9

Action                   |  1- 3 |  4- 6 |  7- 9 | 10-12 | 13-15 | 16-18 || total
-------------------------+-------+-------+-------+-------+-------+-------++-------
Melee: Long sword        |    76 |   291 |   456 |     3 |   758 |   474 ||  2058
       Headbutt          |     5 |    71 |    95 |   177 |   415 |   162 ||   925
       Scimitar          |       |       |       |   746 |   118 |       ||   864
       Falchion          |       |       |       |       |   581 |       ||   581
Invok: Heroism           |       |       |       |     8 |     5 |     2 ||    15
       Finesse           |       |       |       |       |     1 |       ||     1
Evoke: Wand              |       |       |    10 |     5 |     9 |     6 ||    30
  Use: Potion            |       |     1 |     2 |     7 |     1 |     2 ||    13
       Scroll            |       |     7 |       |    26 |    10 |     2 ||    45
  Eat: Chunk             |     1 |     9 |    14 |    18 |    39 |    12 ||    93
       Ration            |       |       |     2 |     2 |     2 |     4 ||    10
Armor: Scale mail        |    32 |    88 |    75 |       |       |       ||   195
       Plate armour      |       |       |    63 |   273 |   505 |   365 ||  1206
       Chain mail        |       |       |    16 |       |       |       ||    16
Dodge: Dodged            |    29 |    64 |   144 |   158 |   453 |   248 ||  1096
       Deflected         |       |       |       |    10 |     9 |       ||    19
Block: Shield            |    54 |   119 |   254 |   437 |  1064 |   189 ||  2117
       Buckler           |       |       |       |       |       |   242 ||   242
       Rpst.: Long sword |     8 |    19 |    32 |     1 |    68 |    34 ||   162
       Scimitar          |       |       |       |    34 |    13 |       ||    47
       Falchion          |       |       |       |       |    30 |       ||    30
